 Dungeon Crawl Stone Soup version 0.29-a0-841-g116ddc6ace (webtiles) character file.

Game seed: 2633623957992687762

3030 jimonade the Trooper (level 9, -17/85 HPs)
             Began as a Naga Fighter on July 14, 2022.
             Was an Initiate of Okawaru.
             Demolished by a two-headed ogre
             ... wielding a +0 giant club
              (31 damage)
             ... on level 7 of the Dungeon.
             The game lasted 00:21:56 (8837 turns).

jimonade the Trooper (Naga Fighter)                 Turns: 8837, Time: 00:21:56

Health: -17/85     AC: 12    Str: 23    XL:     9   Next: 86%
Magic:  25/25      EV:  5    Int: 13    God:    Okawaru [......]
Gold:   395        SH:  5    Dex: 13    Spells: 18/18 levels left

rFire   . . .      SeeInvis +   F - +5 war axe "Zoeptuuq" {vorpal, Str+4}
rCold   . . .      Faith    .   c - +0 buckler
rNeg    . . .      Spirit   .   p - +1 chain mail of Hedging {Contam +Inv rElec Dex+3}
rPois   +          Reflect  .   C - +0 helmet
rElec   +          Harm     .   (no cloak)
rCorr   .          Rampage  .   v - +0 pair of gloves
Will    +....                   (no barding)
Stlth   ..........              (no amulet)
HPRegen 0.24/turn               w - ring of magical power
MPRegen 0.19/turn               (no ring)

@: very slow
A: AC +3, large, see invisible, deformed body, poison resistance, slowness 2,
spit poison 1, naga tail 1
a: Spit Poison, Renounce Religion, Evoke Invisibility


You were on level 7 of the Dungeon.
You worshipped Okawaru.
Okawaru was noncommittal.
You visited 2 branches of the dungeon, and saw 8 of its levels.

You collected 415 gold pieces.
You spent 20 gold pieces at shops.

Inventory:

Hand Weapons
 a - a +0 long sword
 f - a +2 dagger of draining
 j - a +0 short sword
 o - a +2 short sword of speed
 r - a +0 trident
 s - a +0 war axe
 t - a +3 vorpal flail
 F - the +5 war axe "Zoeptuuq" (weapon) {vorpal, Str+4}
   (You found it on level 5 of the Dungeon)

   It inflicts extra damage upon your enemies.
   Str:       It affects your strength (+4).
 G - a +3 short sword
 J - a +0 dagger of venom
 K - a +1 war axe of flaming
 L - a +0 long sword
 N - a +0 whip of freezing
 R - a +0 shortbow
Missiles
 e - 66 stones
 l - 22 poisoned darts
Armour
 b - a +0 scale mail
 c - a +0 buckler (worn)
 n - a +0 ring mail
 p - the +1 chain mail of Hedging (worn) {Contam +Inv rElec Dex+3}
   (You found it on level 2 of the Dungeon)

   Dex:       It affects your dexterity (+3).
   rElec:     It insulates you from electricity.
   +Inv:      It lets you turn invisible.
   Contam:    It causes magical contamination when unequipped.
 q - a +0 chain mail
 v - a +0 pair of gloves (worn)
 y - an orb of guile
 C - a +0 helmet (worn)
 S - a +0 plate armour
Magical Staves
 z - a staff of earth
Jewellery
 w - a ring of magical power (left hand)
Wands
 E - a wand of paralysis (10)
 P - a wand of flame (3)
 U - a wand of polymorph (10)
Scrolls
 g - a scroll of teleportation
 i - 7 scrolls of identify
 x - 2 scrolls of vulnerability {unknown}
 A - a scroll of immolation {unknown}
 B - a scroll of fear {unknown}
 D - a scroll of blinking {unknown}
 H - a scroll of enchant weapon {unknown}
 I - a scroll of brand weapon {unknown}
 Q - a scroll of magic mapping {unknown}
 T - a scroll of torment {unknown}
Potions
 d - 2 potions of might
 h - 2 potions of resistance {unknown}
 k - 4 potions of heal wounds
 m - 6 potions of curing {unknown}
 u - 2 potions of lignification {unknown}
 M - a potion of mutation {unknown}
 O - a potion of invisibility {unknown}
 V - a potion of haste


   Skills:
 * Level 6.7 Fighting
 - Level 4.0(4.3) Short Blades
 - Level 2.0(3.3) Long Blades
 + Level 5.3 Axes
 + Level 6.3 Armour
 + Level 4.1 Shields
 * Level 5.0 Spellcasting


You had 18 spell levels left.
You didn't know any spells.
Your spell library contained the following spells:

 Spells                   Type           Power      Damage    Failure   Level
 Beastly Appendage        Tmut           6%         N/A       83%         1
 Ensorcelled Hibernation  Hex/Ice        6%         N/A       93%         2
 Passwall                 Tmut/Erth      2%         N/A       93%         2
 Poisonous Vapours        Pois/Air       6%         N/A       93%         2
 Sublimation of Blood     Necr           3%         N/A       93%         2
 Wereblood                Tmut           3%         N/A       93%         2
 Ozocubu's Armour         Ice            3%         N/A       99%         3
 Portal Projectile        Hex/Tloc       6%         N/A       99%         3
 Spider Form              Tmut/Pois      3%         N/A       99%         3
 Swiftness                Air            3%         N/A       99%         3
 Corpse Rot               Necr/Pois/Air  3%         N/A       100%        4
 Petrify                  Tmut/Erth      3%         N/A       100%        4
 Alistair's Intoxication  Tmut/Pois      2%         N/A       100%        5
 Blade Hands              Tmut           1%         N/A       100%        5
 Borgnjor's Vile Clutch   Necr/Erth      1%         N/A       100%        5
 Irradiate                Conj/Tmut      1%         3d12      100%        5
 Eringya's Noxious Bog    Tmut/Pois      1%         N/A       100%        6
 Ozocubu's Refrigeration  Ice            1%         4d5       100%        7
 Summon Small Mammal      Summ           Unusable   N/A       N/A         1
 Call Canine Familiar     Summ           Unusable   N/A       N/A         3
 Summon Guardian Golem    Hex/Summ       Unusable   N/A       N/A         3
 Tukima's Dance           Hex            Unusable   N/A       N/A         3

Dungeon Overview and Level Annotations

Branches:
Dungeon (7/15)             Temple (1/1) D:7

Altars:
Ashenzari
Cheibriados
Dithmenos
Elyvilon
Gozag
Kikubaaqudgha
Makhleb
Okawaru
Qazlal
Sif Muna
Trog
Wu Jian
Xom
Yredelemnul
Zin
The Shining One

Shops:
D:1 *==[*   D:4 *


Innate Abilities, Weirdness & Mutations

Your serpentine skin is tough. (AC +3)
You have supernaturally acute eyesight. (SInv)
Armour fits poorly on your strangely shaped body.
Your system is resistant to poisons. (rPois)
You cover ground very slowly.
You can spit poison.
You have a snake-like lower body.


Message History

The orc priest is severely wounded.
The orc priest hits you with a +0 whip.
You hit the orc priest.
The orc priest is severely wounded.
The orc priest hits you with a +0 whip.
You slash the orc priest!
You kill the orc priest!
Okawaru accepts your kill.
Items here: )) [[ †.
You see here a ring of poison resistance.
i - 7 scrolls of identify (gained 1)
A two-headed ogre comes into view.
It is wielding a +0 giant club and a +0 giant spiked club.
Aiming: Spit Poison (1% risk of failure)
Press: ? - help, Shift-Dir - straight line, f - you
Okay, then.
Unknown command.
Aiming: Spit Poison (1% risk of failure)
Press: ? - help, Shift-Dir - straight line, f - two-headed ogre
Aim: a two-headed ogre, wielding a +0 giant club and a +0 giant spiked club (83% to hit)
The splash of poison hits the two-headed ogre!
The two-headed ogre is moderately wounded.
You hit the two-headed ogre.
The two-headed ogre is moderately wounded.
You have got your breath back.
The two-headed ogre hits you with a +0 giant club!
The two-headed ogre hits you with a +0 giant spiked club!
You barely miss the two-headed ogre.
The two-headed ogre is moderately wounded.
The two-headed ogre hits you with a +0 giant club!!
The two-headed ogre hits you with a +0 giant spiked club.
You hit the two-headed ogre.
The two-headed ogre is heavily wounded.
The two-headed ogre barely misses you.
The two-headed ogre hits you with a +0 giant spiked club!!
* * * LOW HITPOINT WARNING * * *
You slash the two-headed ogre!
The two-headed ogre is severely wounded.
You block the two-headed ogre's attack.
The two-headed ogre hits you with a +0 giant spiked club!!
You die...

..##.#...#####...####..#.........
...##..#..###..#....#.######.####
#..#...##.....#....#.## #.#
.#...####.....###...## #.#
...#)).#...#..###...########.#
..###......##....##..........#
..###.....####..##.###########
..#.#..#..# #.#.#.##
#.......#....###@##
#......##...## #O# #..#..## .###
#.# ...##..# ## #.# )#.####.# #|.
...# ## #.. )########## ...
..........# .### ###.#####.#


You could see a two-headed ogre.

Vanquished Creatures
  Pikel (D:7)
  Prince Ribbit (D:6)
  Sigmund (D:6)
  Edmund (D:5)
  Duvessa (D:6)
  A sky beast (D:4)
  2 ice beasts
  3 ogres
  A centaur (D:7)
  A lemure (D:7)
  2 kobold brigands
  A necrophage (D:7)
  3 scorpions
  4 killer bees (D:7)
  4 wights (D:6)
  Dowan (D:6)
  2 hounds
  2 jellies (D:5)
  2 orc priests
  2 gnoll boudas
  An iguana (D:6)
  Terence (D:2)
  An orc wizard (D:7)
  6 adders
  13 gnolls
  2 river rats (D:4)
  3 white imps
  3 ufetubi
  2 worms (D:4)
  A dart slug (D:3)
  6 orcs
  6 endoplasms
  5 giant cockroaches
  4 goblins
  6 hobgoblins
  2 jackals (D:4)
  A quokka (D:4)
  10 ball pythons
  2 bats
  13 kobolds
  3 rats
127 creatures vanquished.

Notes
Turn   | Place    | Note
-------+----------+-------------------------------------------
     0 | D:1      | jimonade the Naga Fighter began the quest for the Orb.
     0 | D:1      | Reached XP level 1. HP: 21/21 MP: 1/1
   148 | D:1      | Found Courghihe's General Store.
   167 | D:1      | Found Pororren's Jewellery Emporium.
   258 | D:1      | Found Ucijajial's General Store.
   266 | D:1      | Bought a scroll of identify for 20 gold pieces
   404 | D:1      | Reached XP level 2. HP: 27/28 MP: 2/2
   464 | D:1      | Found a faded altar of an unknown god.
   631 | D:1      | Found Teff's Jewellery Shoppe.
   715 | D:1      | Found Toehaemuf's Antique Armour Shoppe.
   916 | D:2      | Reached XP level 3. HP: 33/34 MP: 2/4
  1349 | D:2      | Identified the +1 chain mail of Hedging {Contam +Inv rElec
                  | Dex+3}
  1451 | D:2      | Noticed Terence
  1466 | D:2      | Killed Terence
  1467 | D:2      | Reached skill level 1 in Spellcasting
  1467 | D:2      | Reached XP level 4. HP: 20/42 MP: 5/5
  1850 | D:3      | Found a shimmering altar of Xom.
  2665 | D:4      | Noticed a sky beast
  2728 | D:4      | Reached skill level 1 in Short Blades
  2755 | D:4      | Killed a sky beast
  2756 | D:4      | Reached XP level 5. HP: 24/50 MP: 5/7
  2904 | D:4      | Reached XP level 6. HP: 45/57 MP: 9/9
  3006 | D:4      | Found Tinoviut's Assorted Antiques.
  4005 | D:5      | Entered Level 5 of the Dungeon
  4055 | D:5      | Found a glowing golden altar of the Shining One.
  4099 | D:5      | Noticed an ice beast
  4111 | D:5      | Killed an ice beast
  4277 | D:5      | Reached XP level 7. HP: 58/66 MP: 10/10
  4403 | D:5      | HP: 2/66 [gnoll/+0 spear (5)]
  4907 | D:5      | Found a white marble altar of Elyvilon.
  5302 | D:5      | Noticed Edmund
  5320 | D:5      | Killed Edmund
  5487 | D:5      | Reached skill level 5 in Fighting
  5487 | D:5      | Reached XP level 8. HP: 41/74 MP: 12/12
  5810 | D:5      | Reached skill level 5 in Armour
  5994 | D:5      | Identified the +5 war axe "Zoeptuuq" {vorpal, Str+4}
  6227 | D:6      | Noticed Sigmund
  6238 | D:6      | Killed Sigmund
  6239 | D:6      | Reached skill level 1 in Axes
  6631 | D:6      | Noticed Prince Ribbit
  6658 | D:6      | Killed Prince Ribbit
  6856 | D:6      | Noticed Duvessa
  6857 | D:6      | Noticed Dowan
  6868 | D:6      | Killed Duvessa
  6869 | D:6      | Reached XP level 9. HP: 66/82 MP: 15/15
  6876 | D:6      | Killed Dowan
  7213 | D:7      | Noticed Pikel
  7231 | D:7      | Killed Pikel
  7706 | D:7      | Found a staircase to the Ecumenical Temple.
  7715 | Temple   | Entered the Ecumenical Temple
  7857 | Temple   | Became a worshipper of Warmaster Okawaru
  7899 | D:7      | Reached skill level 5 in Axes
  8634 | D:7      | Reached skill level 5 in Spellcasting
  8828 | D:7      | Noticed a two-headed ogre
  8837 | D:7      | Demolished by a two-headed ogre

Illustrated notes

Levels and vault maps discovered:
D:1:      nzn_arrival_settlement, layout_rooms,
          hellmonk_ecumenical_altar_lost_god, serial_shops,
          nicolae_diamond_shop, shop, nicolae_shop_behind_doors,
          nicolae_lakefront_shop, nicolae_shop_statue_plus,
          nrook_mini_backslash, amcnicky_mini_pool_small,
          chequers_serial_rivers_room_a, serial_park_tiny_2
D:2:      layout_basic, uniq_terence
D:3:      layout_loops_ring, mainiacjoe_overflow_paths
D:4:      layout_layer_cave, portal_sewer_entry_b, serial_shops, shop,
          chequers_serial_rivers_room_a
D:5:      layout_loops_corners, elyvilon_altar_3,
          nicolae_tso_swordbearing_angel, uniq_edmund
D:6:      layout_loops_ring, feat_on_display, uniq_sigmund, uniq_prince_ribbit1,
          uniq_duvessa
D:7:      hellmonk_destroyed_diamonds, layout_loops_corners, temple_statues,
          minmay_joined_circles, uniq_pikel
Temple:   hellmonk_temple_forest_ring

Skill      XL: |  1  2  3  4  5  6  7  8  9 |
---------------+----------------------------+-----
Shields        | 3 4 |  4.1
Armour         | 3 4 5 6 |  6.3
Spellcasting   | 1 2 3 4 5 |  5.0
Short Blades   | 1 2 3 4 |  4.0
Fighting       | 4 5 6 |  6.7
Axes           | 2 5 |  5.3
Long Blades    | |  2.0

Action                   |  1- 3 |  4- 6 |  7- 9 || total
-------------------------+-------+-------+-------++-------
Melee: Long sword        |     8 |       |       ||     8
       Dagger            |    72 |   141 |   115 ||   328
       Short sword       |       |    34 |       ||    34
       War axe           |       |       |   162 ||   162
 Abil: Spit Poison       |     2 |     1 |    27 ||    30
  Use: Scroll            |       |     3 |       ||     3
       Potion            |       |       |     2 ||     2
Armor: Scale mail        |    33 |       |       ||    33
       Chain mail        |       |    76 |   171 ||   247
Dodge: Dodged            |    26 |    32 |    80 ||   138
Block: Buckler           |    12 |    26 |    78 ||   116

Table legend: (Time is in decaauts)
 A = Elapsed time spent in this place.
 B = Non-inter-level travel time spent in this place.
 C = Inter-level travel time spent in this place.
 D = Time resting spent in this place.
 E = Time spent auto-exploring this place.
 F = Levels seen in this place.
 G = Mean time per level.
                   A        B        C        D        E       F      G
               +--------+--------+--------+--------+--------+-----+--------+
         Total |  10921 |  10488 |    433 |    995 |   7357 |   8 | 1365.1 |
       Dungeon |  10707 |  10305 |    402 |    995 |   7189 |   7 | 1529.6 |
        Temple |    213 |    183 |     30 |      0 |    167 |   1 |  213.0 |
               +--------+--------+--------+--------+--------+-----+--------+

Top non-repeatable levels by time:
     D:5: 2417 daAuts
     D:4: 1975 daAuts
     D:7: 1694 daAuts
     D:6: 1358 daAuts
     D:2: 1205 daAuts
     D:1: 1103 daAuts
     D:3: 953 daAuts
  Temple: 213 daAuts
